 Dungeon Crawl Stone Soup version 0.28.0-1-gb440e238dd (webtiles) character file.

Game seed: 15644796142398384091

872 Sanktem7 the Skirmisher (level 7, -7/66 HPs)
             Began as a Minotaur Fighter on Feb 26, 2022.
             Mangled by a yak (10 damage)
             ... on level 4 of the Dungeon.
             The game lasted 00:07:12 (4723 turns).

Sanktem7 the Skirmisher (Minotaur Fighter)          Turns: 4723, Time: 00:07:13

Health: -7/66      AC:  9    Str: 23    XL:     7   Next: 74%
Magic:  6/6        EV:  9    Int:  5    God:
Gold:   282        SH:  4    Dex:  9    Spells: 6/6 levels left

rFire   . . .      SeeInvis .   a - +0 war axe {axe}
rCold   . . .      Faith    .   c - +0 buckler
rNeg    . . .      Spirit   .   b - +0 scale mail
rPois   .          Reflect  .   (helmet restricted)
rElec   .          Harm     .   (no cloak)
rCorr   .          Rampage  .   (no gloves)
Will    .....                   f - +1 pair of boots
Stlth   ..........              (no amulet)
HPRegen 0.21/turn               (no ring)
MPRegen 0.10/turn               (no ring)

@: no status effects
A: horns 2, retaliatory headbutt
a: no special abilities


You were on level 4 of the Dungeon.
You visited 1 branch of the dungeon, and saw 5 of its levels.
You also visited: Ossuary.

You collected 282 gold pieces.


Innate Abilities, Weirdness & Mutations

You have a pair of horns on your head.
You reflexively headbutt those who attack you in melee.


   Skills:
 * Level 7.6 Fighting
 * Level 7.0 Axes
 + Level 5.9 Armour
 - Level 3.6 Shields


You had 6 spell levels left.
You didn't know any spells.
Your spell library contained the following spells:

 Spells                   Type           Power      Damage    Failure   Level
 Magic Dart               Conj           0%         1d3       86%         1
 Summon Small Mammal      Summ           0%         N/A       86%         1
 Searing Ray              Conj           0%         2d4       94%         2
 Call Canine Familiar     Summ           0%         N/A       99%         3
 Summon Guardian Golem    Hex/Summ       0%         N/A       99%         3
 Fulminant Prism          Conj/Hex       0%         3d6       100%        4

Inventory:

Hand Weapons
 a - a +0 war axe (weapon) {axe}
Missiles
 e - 76 stones (quivered) {throwing}
 m - 75 sling bullets
 o - 70 arrows
 s - 4 javelins {throwing}
 w - 4 curare-tipped darts {=fthrowing}
 x - 2 poisoned darts {throwing}
Armour
 b - a +0 scale mail (worn)
 c - a +0 buckler (worn)
 f - a +1 pair of boots (worn)
   (You found it on level 1 of the Dungeon)
 u - a +1 robe of willpower
   (You took it off Sigmund on level 4 of the Dungeon)
Scrolls
 h - 2 scrolls of vulnerability {unknown}
 j - a scroll of noise {unknown}
 k - a scroll of fog {unknown}
 l - 3 scrolls of fear {unknown}
 q - a scroll of magic mapping {unknown}
 v - 5 scrolls of identify {unknown}
 y - a scroll of teleportation {unknown}
 z - a scroll of brand weapon {unknown}
 A - a scroll of enchant armour {unknown}
Potions
 d - 2 potions of might
 g - a potion of mutation {unknown}
 i - a potion of lignification {unknown}
 n - a potion of magic {unknown}
 p - a potion of heal wounds {unknown}
 r - a potion of haste {unknown}
 t - a potion of degeneration {unknown}
 B - a potion of attraction {unknown}
 C - a potion of brilliance {unknown}
 D - a potion of curing {unknown}
 E - a potion of flight {unknown}

Dungeon Overview and Level Annotations

Branches:
Dungeon (5/15)            Ossuary (visited)
 Temple: D:4-7

Altars:

Shops:
D:3

(
...................##............
.........##..###....#............
.........##.)# ##................
..........##.#####...............
..............##.................
..................^..............
.........................##......
.................Y...#..#####....
................@....##.# ##...
......>.............###.# ##..
....................# #.## #..
....................###..### ##.#
....................#......###..#
..............<........##....#..#
...............[........##.....##
..............[...........##.....
.............).............##....


You could see a yak.


Message History

You barely miss the human zombie. You headbutt the human zombie!
You barely miss the adder zombie. The adder zombie barely misses you.
The human zombie hits you but does no damage.
The adder zombie barely misses you.
You slash the human zombie! You hit the adder zombie.
The human zombie completely misses you. You block the adder zombie's attack.
You closely miss the human zombie. You headbutt the human zombie!
You hit the adder zombie.
You destroy the adder zombie!
The human zombie closely misses you.
You barely miss the human zombie. You headbutt the human zombie!
You slash the orc zombie!
You destroy the orc zombie!
The human zombie hits you but does no damage.
You hit the human zombie. The human zombie barely misses you.
You closely miss the human zombie. The human zombie hits you. 😕 HP[-3]
You take 3 damage, and now have 63/66 hp.
You slash the human zombie!
You destroy the human zombie! 😕 HP[+1]
Found a gate leading back out of this place.
You open the door. You open the door.
A mummy comes into view. 😎 HP[+2]
Your hp is fully restored (66).
A mummy is nearby!
There is an open door here.
The mummy hits you!
You see here a silvery potion. 😕 HP[-8]
You take 8 damage, and now have 58/66 hp.
You barely miss the mummy.
The mummy hits you but does no damage. 😕 HP[+1]
You hit the mummy. You headbutt the mummy. You slash the mummy!
You destroy the mummy!
B - a silvery potion 😎 HP[+7]
Your hp is fully restored (66).
C - a smoky inky potion
D - a smoky brown potion
E - a grey potion Done exploring.
There is an open door here.
There is a gate leading back out of this place here.
Welcome back to the Dungeon!
The yak closely misses you. The yak gores you but does no damage.
There is a collapsed entrance here.
You hit the yak. x2; The yak gores you! x2 😕 HP[-16]
You take 16 damage, and now have 50/66 hp.
MASSIVE DAMAGE!! (PAUSE)
You slash the yak! Your headbutt misses the yak. You slash the yak!
You hit the yak. You slash the yak! The yak gores you!
The yak gores you but does no damage. The yak gores you!
* * * LOW HITPOINT WARNING * * *
The yak gores you.
* * * LOW HITPOINT WARNING * * *
You block the yak's attack. The yak gores you but does no damage.
The yak gores you!
* * * LOW HITPOINT WARNING * * *
😱 HP[-43]
You take 43 damage, and now have 7/66 hp.
MASSIVE DAMAGE!! (PAUSE)
You block the yak's attack.
Unknown command. 😱 HP[+1]
You see here a +0 glaive {polearm}. 😱 HP[+1] 😱 HP[+1]
There is a stone staircase leading up here. 😱 HP[+1]
The yak gores you but does no damage. The yak gores you.
* * * LOW HITPOINT WARNING * * *
You climb upwards.
There is a stone staircase leading down here. 😱 HP[-6]
You take 6 damage, and now have 5/66 hp.
You barely miss the yak. You hit the yak. The yak gores you.
* * * LOW HITPOINT WARNING * * *
The yak gores you but does no damage. The yak misses you. 😱 HP[-2]
You take 2 damage, and now have 3/66 hp.
You closely miss the yak. You slash the yak! The yak closely misses you.
The yak completely misses you. 😱 HP[+1]
You closely miss the yak. You headbutt the yak! You hit the yak.
The yak gores you.
* * * LOW HITPOINT WARNING * * *
The yak gores you but does no damage. x2 😱 HP[-2]
You take 2 damage, and now have 2/66 hp.
You hit the yak. You slash the yak!
You kill the yak!
You block the yak's attack.
Your Axes skill increases to level 7!
You slash the yak! The yak gores you!
You die...

Skill      XL: |  1  2  3  4  5  6  7 |
---------------+----------------------+-----
Fighting       | 4 5 6 7 |  7.6
Axes           | 3 4 5 6 7 |  7.0
Armour         | 4 5 |  5.9
Shields        | |  3.6

Action                   |  1- 3 |  4- 6 |  7- 9 || total
-------------------------+-------+-------+-------++-------
Melee: War axe           |    93 |   108 |    65 ||   266
       Headbutt          |     6 |    16 |    15 ||    37
Armor: Scale mail        |    51 |    67 |    43 ||   161
Dodge: Dodged            |    45 |    59 |    38 ||   142
Block: Buckler           |    21 |    26 |    18 ||    65

Levels and vault maps discovered:
D:1:      dpeg_arrival_oval, layout_basic, chequers_serial_rivers_small_b,
          wad_floor_pattern_untrapped
D:2:      layout_basic, minmay_cut_off
D:3:      layout_basic, serial_shops, shop,
          ebering_ecumenical_altar_sacrificial, uniq_natasha
D:4:      layout_layer_cave, uniq_sigmund
D:5:      layout_gridville, nicolae_ossuary_entry_monument, serial_bayou_lake_a

Notes
Turn   | Place    | Note
-------+----------+-------------------------------------------
     0 | D:1      | Sanktem7 the Minotaur Fighter began the quest for the Orb.
     0 | D:1      | Reached XP level 1. HP: 19/19 MP: 0/0
     0 | D:1      | magus.rc [v1.9.6]
    59 | D:1      | magus.rc [v1.9.6]
   168 | D:1      | You pick up a book of Conjurations {@e2} and begin
                  | reading...
   168 | D:1      | You add the spells Magic Dart, Searing Ray and Fulminant
                  | Prism to your library.
   283 | D:1      | Reached XP level 2. HP: 27/27 MP: 1/1
   288 | D:1      | Reached skill level 4 in Fighting
   326 | D:1      | Reached skill level 3 in Axes
   755 | D:1      | Reached XP level 3. HP: 33/33 MP: 2/2
   853 | D:1      | Reached skill level 4 in Armour
  1791 | D:2      | You pick up a book of Callings and begin reading...
  1791 | D:2      | You add the spells Summon Small Mammal, Call Canine
                  | Familiar and Summon Guardian Golem to your library.
  1811 | D:2      | Reached XP level 4. HP: 41/41 MP: 3/3
  2277 | D:3      | Found Tubroax's Weapon Emporium.
  2343 | D:3      | Found a faded altar of an unknown god.
  2392 | D:3      | Noticed Natasha
  2401 | D:3      | Killed Natasha
  2402 | D:3      | Reached skill level 5 in Fighting
  2402 | D:3      | Reached skill level 4 in Axes
  2739 | D:4      | Reached XP level 5. HP: 44/48 MP: 4/4
  2809 | D:4      | Noticed Sigmund
  2822 | D:4      | Killed Sigmund
  2823 | D:4      | Reached skill level 6 in Fighting
  2823 | D:4      | Reached skill level 5 in Axes
  2823 | D:4      | Reached skill level 5 in Armour
  2823 | D:4      | Reached XP level 6. HP: 28/57 MP: 5/5
  4153 | D:5      | Entered Level 5 of the Dungeon
  4211 | D:5      | Found a sand-covered staircase.
  4216 | D:5      | Noticed a yak
  4216 | D:5      | Noticed a yak
  4216 | D:5      | Noticed a yak
  4217 | D:5      | Noticed a yak
  4217 | D:5      | Noticed a yak
  4220 | Ossuary  | Entered an ossuary
  4275 | Ossuary  | Reached skill level 6 in Axes
  4347 | Ossuary  | Reached XP level 7. HP: 61/64 MP: 6/6
  4468 | Ossuary  | Reached skill level 7 in Fighting
  4699 | D:5      | HP: 7/66 [yak (13)]
  4717 | D:5      | HP: 5/66 [yak (6)]
  4721 | D:4      | HP: 2/66 [yak (2)]
  4722 | D:4      | Killed a yak
  4723 | D:4      | Reached skill level 7 in Axes
  4723 | D:4      | Mangled by a yak

Vanquished Creatures
  Sigmund (D:4)
  A yak (D:4)
  A phantom (D:4)
  2 centaur zombies (Ossuary)
  A hound (D:4)
  3 human zombies (Ossuary)
  An iguana (D:4)
  An orc wizard (D:4)
  Natasha (D:3)
  4 hound zombies (Ossuary)
  3 mummies (Ossuary)
  2 adders
  2 adder zombies (Ossuary)
  A worm (D:3)
  2 dart slugs (D:1)
  5 orcs
  11 endoplasms
  4 giant cockroaches
  10 goblins
  6 hobgoblins
  6 jackals
  4 quokkas
  7 ball pythons
  6 bats
  3 frilled lizards
  A gnoll zombie (Ossuary)
  7 goblin zombies (Ossuary)
  3 hobgoblin zombies (Ossuary)
  2 jackal zombies (Ossuary)
  12 kobolds
  2 kobold zombies (Ossuary)
  An orc zombie (Ossuary)
  4 quokka zombies (Ossuary)
  3 rats
  5 rat zombies (Ossuary)
128 creatures vanquished.

Table legend:
 A = Non-vault XP
 B = Vault XP
 C = Vault XP percentage of total XP
 D = Non-vault monster count
 E = Vault monster count
 F = Vault count percentage of total count
                 A         B        C        D         E       F
            +---------+---------+-------+---------+---------+-------
      Total |     592 |     654 |  52.5 |      84 |      44 |  34.4
            +---------+---------+-------+---------+---------+-------
        D:1 |      51 |       0 |   0.0 |      28 |       0 |   0.0
        D:2 |      45 |       5 |  10.0 |      20 |       3 |  13.0
        D:3 |      15 |      35 |  70.0 |       7 |       1 |  12.5
        D:4 |     479 |     223 |  31.8 |      28 |       1 |   3.4
        D:5 |       2 |       0 |   0.0 |       1 |       0 |   0.0
    Ossuary |       0 |     391 | 100.0 |       0 |      39 | 100.0
            +---------+---------+-------+---------+---------+-------

Illustrated notes

Table legend:
 A = Kills in this place as a percentage of kills in entire the game.
 B = Kills by you in this place as a percentage of kills by you in the entire game.
 C = Kills by friends in this place as a percentage of kills by friends in the entire game.
 D = Other kills in this place as a percentage of other kills in the entire game.
 E = Experience gained in this place as a percentage of experience gained in the entire game.
 F = Experience gained in this place divided by the number of levels of this place that you have seen.
                   A       B       C       D       E      F
               +-------+-------+-------+-------+-------+----------------------
         Total | 100.0 | 100.0 |   N/A |   N/A | 100.0 | 207.7
       Dungeon |  69.5 |  69.5 |   N/A |   N/A |  68.6 | 171.0
       Ossuary |  30.5 |  30.5 |   N/A |   N/A |  31.4 | 391.0
               +-------+-------+-------+-------+-------+----------------------

Table legend: (Time is in decaauts)
 A = Elapsed time spent in this place.
 B = Non-inter-level travel time spent in this place.
 C = Inter-level travel time spent in this place.
 D = Time resting spent in this place.
 E = Time spent auto-exploring this place.
 F = Levels seen in this place.
 G = Mean time per level.
                   A        B        C        D        E       F      G
               +--------+--------+--------+--------+--------+-----+--------+
         Total |   4822 |   4738 |     84 |      0 |   3835 |   6 |  803.7 |
       Dungeon |   4325 |   4241 |     84 |      0 |   3565 |   5 |  865.0 |
       Ossuary |    497 |    497 |      0 |      0 |    270 |   1 |  497.0 |
               +--------+--------+--------+--------+--------+-----+--------+

Top non-repeatable levels by time:
     D:4: 1449 daAuts
     D:1: 1333 daAuts
     D:2: 792 daAuts
     D:3: 660 daAuts
 Ossuary: 497 daAuts
     D:5: 88 daAuts
